 Dungeon Crawl Stone Soup version 0.17-a0-2231-gd80ca38 (webtiles) character file.

261 kae the Slasher (level 5, -1/45 HPs)
             Began as a Minotaur Fighter on Oct 29, 2015.
             Slain by a giant frog (5 damage)
             ... in a sewer.
             The game lasted 00:03:19 (2197 turns).

kae the Slasher (Minotaur Fighter)                  Turns: 2197, Time: 00:03:20

Health: -1/45      AC:  6    Str: 21    XL:     5   Next: 96%
Magic:  4/4        EV:  7    Int:  5    God:
Gold:   117        SH:  9    Dex: 10    Spells: 0 memorised, 4 levels left

rFire  + . .     SeeInvis .     a - +0 long sword
rCold  . . .     Clarity  .     b - +0 scale mail
rNeg   . . .     SustAt   .     c - +0 shield
rPois  .         Gourm    .     (helmet restricted)
rElec  .         Spirit   .     (no cloak)
rCorr  .         Warding  .     (no gloves)
rMut   .         Stasis   .     (no boots)
MR     .....                    (no amulet)
Stlth  ..........               f - ring of protection from fire
                                (no ring)

@: hasted, very quick, not resistant to hostile enchantments, extremely
unstealthy
A: retaliatory headbutt, horns 2
a: no special abilities


You were in a sewer.
You were not hungry.

You visited 1 branch of the dungeon, and saw 4 of its levels.
You also visited: Sewer.

You collected 117 gold pieces.

Inventory:

Hand Weapons
 a - a +0 long sword (weapon)
Armour
 b - a +0 scale mail (worn)
 c - a +0 shield (worn)
 d - a +0 pair of gloves
Jewellery
 f - a ring of protection from fire (right hand)
 s - an uncursed ring of magical power
Scrolls
 i - 2 scrolls of remove curse
 p - a scroll of magic mapping
Potions
 j - a potion of brilliance {unknown}
 l - a potion of haste
 n - 2 potions of cancellation
 q - a potion of cure mutation
Comestibles
 e - 3 bread rations
 h - 2 beef jerkies
 k - a meat ration
 m - 3 fruits
 u - a slice of pizza


   Skills:
 - Level 3.6 Fighting
 + Level 7.6 Long Blades
 - Level 3.6 Armour
 - Level 3.6 Shields


You had 4 spell levels left.
You didn't know any spells.

Dungeon Overview and Level Annotations

Branches:
Dungeon (4/15)
 Temple: D:4-7

Altars:


Innate Abilities, Weirdness & Mutations

You reflexively headbutt those who attack you in melee.
You have a pair of horns on your head.


Message History

* * * LOW HITPOINT WARNING * * *
You hit the giant frog.
The giant frog is moderately wounded.
You block the giant frog's attack. The giant frog hits you.
* * * LOW HITPOINT WARNING * * *
The giant frog hits you.
* * * LOW HITPOINT WARNING * * *
You block the giant frog's attack.
Unknown command.
Drink which item? (? for menu, Esc to quit)
You feel better. The giant frog hits you!
* * * LOW HITPOINT WARNING * * *
You block the giant frog's attack.
Unknown command.
Drink which item? (? for menu, Esc to quit)
It was a potion of haste.
You feel yourself speed up. You block the giant frog's attack.
The giant frog hits you.
* * * LOW HITPOINT WARNING * * *
The giant frog hits you.
You die...

#
#####################
##....................
#..≈≈≈≈≈≈≈≈≈≈≈≈≈≈≈≈≈≈≈
#.≈≈≈≈≈≈≈≈≈≈≈≈≈≈≈≈≈≈≈≈
#.≈≈≈≈≈≈≈≈≈≈≈≈≈≈≈≈≈≈≈≈
#.≈≈≈≈..≈≈≈≈≈≈≈≈≈≈....
#.≈≈≈.≈≈≈≈≈≈≈≈≈≈≈≈≈≈≈≈
#.≈≈≈@≈≈≈≈≈≈≈≈≈≈≈≈≈≈≈≈
#.≈≈≈FF≈≈≈≈≈≈≈≈≈≈≈≈≈≈≈
#≈≈≈≈≈≈≈≈≈≈.≈≈.≈≈≈≈≈≈≈
#≈≈≈≈≈≈≈≈≈≈≈.≈≈≈)≈≈≈≈≈
#≈≈≈≈≈≈≈≈≈≈≈.≈.?=%.≈≈≈
#.≈≈≈≈≈≈≈≈.≈..≈.!..≈≈≈
#.≈≈≈≈≈≈≈≈≈..≈≈≈
#≈≈≈≈≈#≈≈≈≈∩≈≈≈≈
#.≈≈≈≈##≈≈≈≈≈≈≈≈


You could see 2 giant frogs.

Vanquished Creatures
  An iguana (D:4)
  An orc wizard (D:3)
  Terence (D:3)
  Robin (D:2)
  6 adders
  6 giant geckos
  10 orcs
  9 giant cockroaches
  12 goblins
  10 hobgoblins
  9 jackals (D:1)
  11 kobolds
  2 quokkas
  5 ball pythons
  5 bats
  10 giant newts
  5 rats
  A plant (D:2)
105 creatures vanquished.

Notes
Turn   | Place    | Note
--------------------------------------------------------------
     0 | D:1      | kae the Minotaur Fighter began the quest for the Orb.
     0 | D:1      | Reached XP level 1. HP: 19/19 MP: 0/0
    89 | D:1      | Reached XP level 2. HP: 13/26 MP: 1/1
   323 | D:1      | Reached skill level 4 in Long Blades
   549 | D:2      | Reached XP level 3. HP: 29/31 MP: 2/2
   714 | D:2      | Noticed Robin
   735 | D:2      | Killed Robin
   735 | D:2      | Reached skill level 5 in Long Blades
   757 | D:2      | Reached XP level 4. HP: 25/39 MP: 3/3
  1379 | D:3      | Noticed Terence
  1384 | D:3      | Killed Terence
  1384 | D:3      | Reached skill level 6 in Long Blades
  1432 | D:3      | Reached XP level 5. HP: 39/45 MP: 4/4
  1857 | D:4      | Reached skill level 7 in Long Blades
  1936 | D:4      | Found a glowing drain.
  1945 | Sewer    | Entered a sewer
  2195 | Sewer    | HP: 2/45 [giant frog (2)]
  2197 | Sewer    | Slain by a giant frog

Vault maps used:
D:1:      dpeg_arrival_three_smaller_balls, minmay_surrounded
D:2:      lexackson_kobold_supper, uniq_robin
D:3:      lemuel_statue_altar, uniq_terence
D:4:      overflow_temple_1_default, portal_sewer_entry_d, serial_park_tiny_2
Sewer:    sewer_frog_island_01

Action                   |  1- 3 |  4- 6 || total
-------------------------+-------+-------++-------
Melee: Long sword        |    98 |   161 ||   259
  Use: Scroll            |       |     6 ||     6
       Potion            |       |     4 ||     4
  Eat: Chunk             |       |     5 ||     5
